 Dungeon Crawl Stone Soup version 0.24.0-123-gd5b16e6ec5 (webtiles) character file.

Game seed: 6359781725440636282, levelgen mode: deterministic

6391 IrvingSpaghetti the Thaumaturge (level 11, -1/68 HPs)
             Began as a Human Conjurer on Dec 24, 2019.
             Was an Initiate of Gozag.
             Slain by a yak (10 damage)
             ... on level 10 of the Dungeon on Dec 25, 2019.
             The game lasted 01:26:01 (9866 turns).

IrvingSpaghetti the Thaumaturge (Human Conjurer)    Turns: 9866, Time: 01:26:02

Health: -1/68      AC:  5    Str:  8    XL:     11   Next: 17%
Magic:  14/27      EV: 12    Int: 21    God:    Gozag
Gold:   1695       SH:  0    Dex: 14    Spells: 5/34 levels left

rFire    . . .     SeeInvis .   P - +3 dagger (curse)
rCold    . . .     Gourm    .   (no shield)
rNeg     . . .     Faith    .   a - +0 robe
rPois    .         Spirit   .   F - +0 helmet
rElec    .         Reflect  .   (no cloak)
rCorr    .         Harm     .   f - +0 pair of gloves (curse)
MR       .....                  S - +0 pair of boots
Stlth    +++.......             r - amulet of magic regeneration
HPRegen  0.21/turn              e - +2 ring of intelligence
MPRegen  0.45/turn              Q - ring of wizardry

@: very slightly contaminated
A: no striking features
a: Potion Petition, Call Merchant, Bribe Branch, Renounce Religion


You were on level 10 of the Dungeon.
You worshipped Gozag.
Gozag was most pleased with you.
You were not hungry.

You visited 3 branches of the dungeon, and saw 12 of its levels.

You collected 1754 gold pieces.
You paid 59 gold pieces to Gozag.

Inventory:

Hand Weapons
 i - a +0 dagger
 k - a +0 great mace
 G - a +2 spear of flaming
 P - a cursed +3 dagger (weapon)
Missiles
 j - 25 poisoned darts (quivered)
 n - 277 stones
 u - 200 arrows
 v - 9 boomerangs
 y - 66 sling bullets
 C - 126 bolts
 L - 6 atropa-tipped darts
 R - 2 throwing nets
Armour
 a - a +0 robe (worn)
 f - a cursed +0 pair of gloves (worn)
 p - a +0 shield
 F - a +0 helmet (worn)
 S - a +0 pair of boots (worn)
Jewellery
 e - a +2 ring of intelligence (left hand)
 r - an amulet of magic regeneration (around neck)
 s - a +2 ring of protection
 t - a +2 ring of dexterity
 K - an uncursed amulet of the acrobat
 N - the amulet "Ximn" {Harm *Drain MP+9 Dex+3}
   (You took it off an ogre mage on level 10 of the Dungeon)

   [amulet of harm]

   It increases damage dealt and taken.
   It affects your dexterity (+3).
   It affects your magic capacity (+9).
   It causes draining when unequipped.
 Q - a ring of wizardry (right hand)
 V - an uncursed ring of resist corrosion
Wands
 J - a wand of digging (18)
 T - a wand of clouds (8)
 U - a wand of disintegration (14)
 W - a wand of polymorph (13)
 Y - a wand of random effects (26)
Scrolls
 g - 2 scrolls of amnesia
 h - a scroll of fog
 m - 7 scrolls of teleportation
 o - 3 scrolls of immolation {unknown}
 q - 5 scrolls of magic mapping
 w - 7 scrolls of remove curse
 x - 3 scrolls of random uselessness {unknown}
 z - 5 scrolls of blinking {unknown}
 H - a scroll of enchant weapon {unknown}
 M - 2 scrolls of vulnerability {unknown}
 O - a scroll of noise {unknown}
Potions
 b - a potion of mutation
 d - 3 potions of curing
 l - 3 potions of resistance
 A - a potion of lignification
 B - a potion of flight
 D - a potion of magic {unknown}
 E - 2 potions of heal wounds
 I - 3 potions of degeneration {unknown}
Comestibles
 c - 14 rations


   Skills:
 - Level 2.0 Dodging
 - Level 6.0 Stealth
 - Level 12.1 Spellcasting
 + Level 7.7 Conjurations
 + Level 0.3 Charms
 - Level 4.0 Air Magic


You had 5 spell levels left.
You knew the following spells:

 Your Spells              Type           Power        Failure   Level  Hunger
a - Magic Dart            Conj           ####         1%          1    None
b - Searing Ray           Conj           #####.       1%          2    None
c - Dazzling Spray        Conj/Hex       ####..       1%          3    None
d - Iskenderun's Mystic   Conj           #####...     1%          4    None
e - Force Lance           Conj/Tloc      ####....     4%          4    None
f - Fulminant Prism       Conj/Hex       ####......   4%          4    None
g - Olgreb's Toxic Radia  Pois           ##......     21%         4    None
h - Poisonous Vapours     Pois/Air       ###...       1%          2    None
i - Mephitic Cloud        Conj/Pois/Air  ####....     1%          3    None
j - Swiftness             Chrm/Air       ###.....     1%          2    None

Your spell library contained the following spells:

 Spells                   Type           Power        Failure   Level  Hunger
 Shock                    Conj/Air       ####         1%          1    None
 Sting                    Conj/Pois      ####         1%          1    None
 Static Discharge         Conj/Air       #####...     1%          3    None
 Airstrike                Air            ####......   4%          4    None
 Lightning Bolt           Conj/Air       #####.....   5%          5    ####...
 Venom Bolt               Conj/Pois      ####......   12%         5    ####...


Dungeon Overview and Level Annotations

Branches:
Dungeon (10/15)            Temple (1/1) D:5            Lair (1/6) D:10
    Orc: D:9-12

Altars:
Ashenzari
Cheibriados
Dithmenos
Elyvilon
Fedhas
Gozag
Hepliaklqana
Kikubaaqudgha
Makhleb
Nemelex Xobeh
Okawaru
Qazlal
Ru
Sif Muna
Trog
Uskayaw
Vehumet
Wu Jian
Xom
Yredelemnul
Zin
The Shining One

Shops:
D:9 }

Annotations:
D:6 !A LOT OF BEES DOWNTHERE


Message History

The yak bellows! x2; You hear a bellow!
Casting: Poisonous Vapours (safe; 1% risk of failure)
Confirm with . or Enter, or press ? or * to list all spells.
You begin to radiate toxic energy.
The yak is poisoned. x3
The yak looks even sicker. x2; The yak gores you!
The yak looks even sicker. x3
Your toxic aura wanes.
The yak gores you.
Casting: Olgreb's Toxic Radiance (slightly dangerous; 21% risk of failure)
Confirm with . or Enter, or press ? or * to list all spells.
Okay, then.
Casting: Olgreb's Toxic Radiance (slightly dangerous; 21% risk of failure)
Confirm with . or Enter, or press ? or * to list all spells.
You begin to radiate toxic energy.
The yak looks even sicker. x2
The yak gores you!
* * * LOW HITPOINT WARNING * * *
Your toxic aura wanes.
The yak gores you!
You die...
Your body crumbles into a pile of gold.

###### ### .....#
###########.##
...#.####
#...<......#.#
.#......#
#.#########.##
...#.##.############.#
#.#
###.............@YY..#
#.#
#..##..##########YY#
#.# #..##..# #..# #.#
#..#...# #Y[# #.##
#..#...# #Y.# #...
###..#...#### #..#
#### ..#..#.......
#... #.#.>.[......
..... .....)..####
.....[. $


You could see 4 yaks.

Vanquished Creatures
  An ogre mage (D:10)
  A two-headed ogre (D:8)
  A merfolk (D:9)
  2 hippogriffs
  A yak (D:9)
  A steam dragon (D:10)
  An acid dragon (D:9)
  A water moccasin (D:8)
  3 orc warriors
  A sky beast (D:10)
  A necrophage (D:10)
  2 ogres
  5 centaurs
  A crocodile (D:10)
  A big kobold (D:10)
  4 bullfrogs
  A water moccasin zombie (D:6)
  A scorpion (D:8)
  13 killer bees
  6 wights
  A howler monkey (D:10)
  2 electric eels
  2 centaur zombies
  2 jellies (D:9)
  A bullfrog zombie (D:5)
  10 crimson imps
  A bullfrog skeleton (D:8)
  2 hounds
  5 orc priests
  5 orc wizards
  A centaur skeleton (D:10)
  A gnoll shaman (D:7)
  3 iguanas
  4 worker ants
  A hound zombie (D:7)
  A worker ant zombie (D:8)
  15 gnolls
  9 adders
  3 shadow imps
  2 oozes
  2 worms (D:3)
  A dart slug (D:3)
  5 leopard geckos
  20 orcs
  A ball python (D:4)
  12 bats
  3 giant cockroaches
  4 goblins (D:2)
  8 hobgoblins
  20 jackals
  16 kobolds
  5 quokkas
  5 frilled lizards
  7 rats
228 creatures vanquished.

Vanquished Creatures (others)
  9 fulminant prisms
9 creatures vanquished.

Grand Total: 237 creatures vanquished

Notes
Turn   | Place    | Note
-------+----------+-------------------------------------------
     0 | D:1      | IrvingSpaghetti the Human Conjurer began the quest for the
                  | Orb.
     0 | D:1      | Reached XP level 1. HP: 13/13 MP: 3/3
   229 | D:1      | Reached XP level 2. HP: 12/19 MP: 0/5
   233 | D:1      | Learned a level 2 spell: Searing Ray
   624 | D:1      | Reached XP level 3. HP: 18/24 MP: 2/6
   944 | D:2      | Found a glowing golden altar of the Shining One.
   944 | D:2      | Found a bloodstained altar of Trog.
   946 | D:2      | Found a sparkling altar of Nemelex Xobeh.
  1143 | D:2      | Reached XP level 4. HP: 8/30 MP: 1/7
  1715 | D:4      | Reached skill level 5 in Stealth
  1715 | D:4      | Reached XP level 5. HP: 35/35 MP: 3/8
  1768 | D:5      | Entered Level 5 of the Dungeon
  1768 | D:5      | Found a staircase to the Ecumenical Temple.
  1809 | Temple   | Entered the Ecumenical Temple
  2491 | Temple   | Became a worshipper of Gozag Ym Sagoz the Greedy
  3283 | D:2      | Reached XP level 6. HP: 41/41 MP: 6/10
  3502 | D:3      | Reached skill level 3 in Spellcasting
  4231 | D:4      | Found an ancient bone altar of Kikubaaqudgha.
  4279 | D:4      | Reached skill level 4 in Spellcasting
  4400 | D:4      | Reached XP level 7. HP: 46/46 MP: 3/13
  4761 | D:5      | Reached skill level 5 in Spellcasting
  5094 | D:5      | Reached skill level 6 in Spellcasting
  5179 | D:6      | Reached XP level 8. HP: 18/52 MP: 4/17
  5230 | D:6      | Found an ornate altar of the Wu Jian Council.
  5310 | D:5      | Learned a level 3 spell: Dazzling Spray
  5669 | D:6      | Reached skill level 7 in Spellcasting
  6088 | D:6      | Learned a level 2 spell: Swiftness
  6502 | D:7      | Noticed a hippogriff
  6504 | D:7      | Reached skill level 8 in Spellcasting
  6528 | D:7      | Killed a hippogriff
  6528 | D:7      | Reached XP level 9. HP: 50/57 MP: 11/21
  6750 | D:6      | Learned a level 2 spell: Poisonous Vapours
  6754 | D:6      | Learned a level 3 spell: Mephitic Cloud
  6906 | D:7      | Reached skill level 9 in Spellcasting
  7166 | D:7      | Reached skill level 10 in Spellcasting
  7198 | D:7      | Found a basalt altar of Yredelemnul.
  7689 | D:8      | Learned a level 4 spell: Force Lance
  7694 | D:8      | Learned a level 4 spell: Fulminant Prism
  7699 | D:8      | Learned a level 4 spell: Iskenderun's Mystic Blast
  7822 | D:8      | Found a burning altar of Makhleb.
  7823 | D:8      | Found an iron altar of Okawaru.
  7884 | D:8      | Noticed a hippogriff
  7895 | D:8      | Killed a hippogriff
  8224 | D:8      | Noticed a two-headed ogre
  8243 | D:8      | Killed a two-headed ogre
  8243 | D:8      | Reached skill level 11 in Spellcasting
  8243 | D:8      | Reached XP level 10. HP: 58/63 MP: 0/25
  8249 | D:8      | Learned a level 4 spell: Olgreb's Toxic Radiance
  8529 | D:9      | Reached skill level 12 in Spellcasting
  8596 | D:9      | Reached skill level 1 in Air Magic
  8672 | D:9      | Noticed a two-headed ogre
  8685 | D:10     | Entered Level 10 of the Dungeon
  8685 | D:10     | Found a staircase to the Lair.
  8781 | Lair:1   | Entered Level 1 of the Lair of Beasts
  8842 | D:10     | Noticed a two-headed ogre
  8955 | D:9      | Found a stormy altar of Qazlal.
  9083 | D:9      | Found Xutergho's Gadget Emporium.
  9352 | D:9      | Reached skill level 5 in Conjurations
  9556 | D:10     | Identified the amulet "Ximn" {Harm *Drain MP+9 Dex+3}
  9556 | D:10     | Noticed an ogre mage
  9591 | D:10     | Killed an ogre mage
  9591 | D:10     | Reached XP level 11. HP: 56/68 MP: 1/27
  9768 | D:10     | HP: 1/68 [orc priest/divine providence (15)]
  9866 | D:10     | Slain by a yak

Levels and vault maps discovered:
D:1:      dpeg_arrival_houses_and_road, layout_rooms
D:2:      layout_loops_ring, nicolae_overflow_hidden_temple, wad_woods_river_04
D:3:      layout_loops_ring, first_ration
D:4:      layout_basic, nicolae_overflow_crystal_walls, serial_curves,
          eino_curves_02, eino_curves_02, eino_curves_01
D:5:      layout_cave_pools, minmay_temple_entry_arrows
D:6:      layout_basic, old_standard_altar, kennysheep_generic_room_12
D:7:      layout_cave_pools, lemuel_round_altar, minmay_misc_feat_four_crosses
D:8:      layout_loops_ring, gammafunk_temple_overflow_statue
D:9:      layout_big_octagon, serial_shops, nicolae_shop_waterfront,
          hangedman_fish_farm, grunt_qazlal_sundering
D:10:     minmay_the_grid_octo_2x2 [minmay_the_grid_octo_concentric,
          minmay_the_grid_octo_horde, minmay_the_grid_octo_tetromino_candy,
          minmay_the_grid_octo_prize_ultimate_mussel_roller], layout_loops_ring,
          minmay_orc_entry_temple_small, uniq_gastronok
Temple:   eino_temple_water
Lair:1:   layout_long_grid, infiniplex_staircase_pool

Skill      XL: |  1  2  3  4  5  6  7  8  9 10 11 |
---------------+----------------------------------+-----
Stealth        | 3 4 5 6 |  6.0
Spellcasting   | 4 6 8 11 12 | 12.1
Air Magic      | 4 |  4.0
Conjurations   | 6 7 |  7.7
Dodging        | |  2.0
Charms         | |  0.3

Action                   |  1- 3 |  4- 6 |  7- 9 | 10-12 || total
-------------------------+-------+-------+-------+-------++-------
Melee: Club              |    19 |       |       |       ||    19
       Dagger            |    12 |    28 |    14 |     9 ||    63
       Great mace        |       |    14 |       |       ||    14
       Spear             |       |    10 |     7 |       ||    17
 Cast: Magic Dart        |    31 |   115 |    71 |    37 ||   254
       Searing Ray       |     4 |    21 |    41 |     7 ||    73
       Poisonous Vapours |       |       |    36 |    51 ||    87
       Mephitic Cloud    |       |       |     6 |     4 ||    10
       Force Lance       |       |       |     5 |    19 ||    24
       Swiftness         |       |       |     1 |     2 ||     3
       Iskenderun's Myst |       |       |       |    16 ||    16
       Olgreb's Toxic Ra |       |       |       |     8 ||     8
       Fulminant Prism   |       |       |       |     9 ||     9
  Use: Scroll            |       |       |     7 |     5 ||    12
       Potion            |       |       |     1 |     1 ||     2
 Stab: Sleeping          |     2 |     7 |     6 |     1 ||    16
       Confused          |       |       |       |     1 ||     1
  Eat: Chunk             |     1 |     6 |       |       ||     7
       Ration            |       |     2 |     3 |     2 ||     7
Armor: Robe              |    13 |    18 |    20 |     3 ||    54
Dodge: Dodged            |    27 |    77 |   178 |    48 ||   330
